 Dungeon Crawl Stone Soup version 0.27-a0-520-gb83adbd1c9 (webtiles) character file.

Game seed: 483987786141059858

1915 Morbidden the Chiller (level 8, -1/60 HPs)
             Began as a Demonspawn Ice Elementalist on Mar 4, 2021.
             Was an Initiate of Vehumet.
             Killed by divine providence
             ... invoked by an orc priest
              (9 damage)
             ... on level 6 of the Dungeon.
             The game lasted 00:12:19 (7464 turns).

Morbidden the Chiller (Demonspawn Ice Elementalist) Turns: 7464, Time: 00:12:20

Health: -1/60      AC: 13    Str: 15    XL:     8   Next: 95%
Magic:  4/18       EV: 14    Int: 18    God:    Vehumet [......]
Gold:   203        SH:  0    Dex: 20    Spells: 13/20 levels left

rFire    . . .     SeeInvis .   a - +2 dagger (speed)
rCold    . . .     Faith    .   (no shield)
rNeg     . . .     Spirit   .   e - +0 robe
rPois    .         Reflect  .   (helmet restricted)
rElec    .         Harm     .   o - +2 cloak
rCorr    .         Rampage  .   y - +0 pair of gloves
Will     +....                  u - +0 pair of boots
Stlth    ++........             (no amulet)
HPRegen  0.20/turn              b - +6 ring of strength
MPRegen  0.16/turn              s - +6 ring of dexterity

@: sanguine armoured
A: claws 1, horns 1, strong-willed 1, powered by pain 2, sanguine armour 1
a: Renounce Religion


You were on level 6 of the Dungeon.
You worshipped Vehumet.
Vehumet was noncommittal.
You visited 2 branches of the dungeon, and saw 7 of its levels.

You collected 203 gold pieces.

Inventory:

Hand Weapons
 a - a +2 dagger of speed (weapon)
Missiles
 f - 2 datura-tipped darts
 l - 31 poisoned darts (quivered)
 m - 5 silver boomerangs
 t - 5 boomerangs
Armour
 e - a +0 robe (worn)
 o - a +2 cloak (worn)
 u - a +0 pair of boots (worn)
 y - a +0 pair of gloves (worn)
Jewellery
 b - a +6 ring of strength (left hand)
 n - a ring of see invisible
 s - a +6 ring of dexterity (right hand)
 w - a ring of protection from cold
Scrolls
 c - 5 scrolls of teleportation {unknown}
 d - a scroll of fog {unknown}
 g - 5 scrolls of amnesia {unknown}
 h - a scroll of random uselessness {unknown}
 i - 2 scrolls of magic mapping {unknown}
 j - 3 scrolls of noise {unknown}
 k - 8 scrolls of identify {unknown}
 r - a scroll of blinking {unknown}
Potions
 p - a potion of cancellation
 q - 3 potions of magic {unknown}
 v - 2 potions of brilliance {unknown}
 x - 2 potions of heal wounds {unknown}
 z - a potion of mutation
 A - a potion of curing {unknown}
 B - a potion of berserk rage {unknown}


   Skills:
 * Level 4.0 Fighting
 + Level 1.4 Short Blades
 + Level 1.9 Throwing
 + Level 2.7 Dodging
 + Level 2.6 Stealth
 * Level 6.7 Spellcasting
 * Level 7.2 Ice Magic


You had 13 spell levels left.
You knew the following spells:

 Your Spells              Type           Power        Failure   Level
a - Freeze                Ice            100%         1%          1
b - Frozen Ramparts       Ice            64%          1%          3
z - Ozocubu's Armour      Ice            32%          1%          3

Your spell library contained the following spells:

 Spells                   Type           Power        Failure   Level
 Beastly Appendage        Tmut           12%          11%         1
 Wereblood                Tmut           6%           17%         2
 Hailstorm                Conj/Ice       19%          26%         4
 Ice Form                 Ice/Tmut       19%          26%         4
 Summon Ice Beast         Ice/Summ       19%          26%         4
 Spider Form              Tmut/Pois      3%           32%         3
 Blade Hands              Tmut           3%           97%         5


Dungeon Overview and Level Annotations

Branches:
Dungeon (6/15)             Temple (1/1) D:5

Altars:
Dithmenos
Elyvilon
Fedhas
Gozag
Hepliaklqana
Kikubaaqudgha
Makhleb
Okawaru
Qazlal
Sif Muna
Trog
Uskayaw
Vehumet
Xom
Yredelemnul
Zin
The Shining One

Annotations:
D:5 1 runed translucent door, karf's ghost, amateur OpEE


Innate Abilities, Weirdness & Mutations

You have a pair of small horns on your head.
You sometimes gain power by taking damage.
When seriously injured, your bleeding wounds create armour. (AC +6)
You have sharp fingernails.
You are strong-willed. (Will+)


Message History

Your magical contamination has completely faded away.
You hit the wight but do no damage.
The wight is heavily damaged.
You barely miss the wight. Your headbutt misses the wight.
The wight is heavily damaged.
The wight hits you but does no damage. The wight barely misses you.
You hit the wight but do no damage.
The wight is heavily damaged.
You hit the wight.
The wight is heavily damaged.
The wight closely misses you.
The wight hits you from afar with a +3 halberd!
* * * LOW HITPOINT WARNING * * *
You barely miss the wight.
The wight is heavily damaged.
You barely miss the wight.
The wight is heavily damaged.
The wight hits you but does no damage. x2
Unknown command.
Unknown command.
Okay, then.
Your icy armour will break if you move.
Continue?
Your icy armour cracks and falls away as you move.
Things that are here:
a +0 dagger; a +0 robe; an orc corpse The orc throws a stone.
The stone hits you but does no damage.
A hound skeleton comes into view.
An orc priest comes into view. It is wielding a +0 quarterstaff.
You catch the helpless hound skeleton completely off-guard!
You puncture the hound skeleton!
The hound skeleton is severely damaged.
The hound skeleton bites you but does no damage.
You hit the hound skeleton.
The hound skeleton is almost destroyed.
The hound skeleton barely misses you.
The wight hits you from afar with a +3 halberd.
* * * LOW HITPOINT WARNING * * *
The orc priest mumbles some strange prayers to Beogh against you.
Beogh smites you!
You die...

######## ... .....##...##.. #.#
###.#.##⌠.>.⌠##. #.#
..#.#.#.......#.
####.##########.#.#.#(<.⌠.<.#.
#.)...........#.#...#.......#.
#....########.#.#...##⌠...⌠##.
####.)..#......#........##.)[###.
.....)......o.z.@Zo>.....##'##...
####.)).#......#z..#.#.###...###.
...)(.#.####...#...#.#...).......
##.(###........#...#.#######..###
.... .......#.#...#.# ##.# .##.
##########...#.# #.## .. ....#.#
#..# #. ######.# ##.# .. ##.##


You could see 2 wights, an orc priest, an orc and a hound skeleton.

Vanquished Creatures
  Pikel (D:4)
  An orc warrior (D:6)
  2 sky beasts (D:6)
  A necrophage (D:6)
  2 ogres
  3 lemures
  A bullfrog (D:5)
  A scorpion (D:4)
  2 wights (D:6)
  2 howler monkeys
  A centaur zombie (D:6)
  A hound (D:4)
  4 orc priests
  7 orc wizards
  2 worker ants
  3 adders
  10 gnolls
  A white imp (D:5)
  An ufetubus (D:5)
  3 oozes
  2 adder skeletons
  3 worms
  2 dart slugs
  5 leopard geckos
  19 orcs
  A ball python (D:2)
  4 giant cockroaches
  7 hobgoblins
  3 jackals (D:2)
  7 kobolds
  8 bats
  6 frilled lizards
  6 goblins
  7 rats
129 creatures vanquished.

Vanquished Creatures (others)
  A kobold (D:1)
1 creature vanquished.

Grand Total: 130 creatures vanquished

Notes
Turn   | Place    | Note
-------+----------+-------------------------------------------
     0 | D:1      | Morbidden the Demonspawn Ice Elementalist began the quest
                  | for the Orb.
     0 | D:1      | Reached XP level 1. HP: 13/13 MP: 3/3
   297 | D:1      | Gained mutation: When seriously injured, your bleeding
                  | wounds create armour. (AC +6) [demonic ancestry]
   297 | D:1      | Reached XP level 2. HP: 19/19 MP: 3/5
   397 | D:1      | Reached skill level 4 in Ice Magic
  1254 | D:2      | Gained mutation: You have a pair of small horns on your
                  | head. [demonic ancestry]
  1254 | D:2      | Reached XP level 3. HP: 18/24 MP: 2/6
  1865 | D:2      | Learned a level 3 spell: Frozen Ramparts
  1869 | D:2      | Learned a level 3 spell: Ozocubu's Armour
  1975 | D:2      | HP: 1/25 [gnoll/+0 club (1)]
  1976 | D:2      | Gained mutation: You have sharp fingernails. [potion of
                  | mutation]
  1976 | D:2      | Gained mutation: You are strong-willed. (Will+) [potion of
                  | mutation]
  1977 | D:2      | Reached skill level 1 in Fighting
  1977 | D:2      | Reached XP level 4. HP: 1/32 MP: 1/8
  2470 | D:2      | Found a shimmering altar of Xom.
  3461 | D:3      | Gained mutation: You sometimes gain a little power by
                  | taking damage. [demonic ancestry]
  3461 | D:3      | Reached XP level 5. HP: 23/37 MP: 2/9
  3701 | D:3      | Reached skill level 5 in Ice Magic
  4642 | D:3      | Reached XP level 6. HP: 41/44 MP: 9/11
  4749 | D:4      | Noticed Pikel
  5573 | D:4      | Killed Pikel
  5574 | D:4      | Reached skill level 1 in Throwing
  5574 | D:4      | Reached skill level 5 in Spellcasting
  5574 | D:4      | Reached skill level 6 in Ice Magic
  5574 | D:4      | Reached XP level 7. HP: 41/51 MP: 6/14
  6010 | D:4      | You fall into a shaft and drop 2 floors!
  6016 | D:6      | Gained mutation: You sometimes gain power by taking damage.
                  | [demonic ancestry]
  6016 | D:6      | Reached XP level 8. HP: 57/57 MP: 12/16
  6095 | D:6      | Reached skill level 1 in Short Blades
  6271 | D:5      | Entered Level 5 of the Dungeon
  6518 | D:5      | Found a runed translucent door.
  6518 | D:5      | Noticed karf's ghost (amateur OpEE)
  6652 | D:5      | Found a staircase to the Ecumenical Temple.
  6675 | Temple   | Entered the Ecumenical Temple
  6932 | Temple   | Became a worshipper of Vehumet
  7005 | D:5      | You fall into a shaft and drop 1 floor!
  7157 | D:6      | Found a hide-covered altar of Uskayaw.
  7375 | D:6      | Reached skill level 7 in Ice Magic
  7464 | D:6      | Killed from afar by an orc priest

Illustrated notes

Levels and vault maps discovered:
D:1:      dpeg_arrival_short_road, layout_basic, chequers_jeans
D:2:      layout_loops_cross, kennysheep_flooded_box, lemuel_altar_in_water
D:3:      layout_basic, kennysheep_nondescript, hex_intersection
D:4:      layout_rooms, uniq_pikel
D:5:      layout_cave_pods, nemelex_xobeh_ov_fountains_minmay,
          minmay_temple_entry_gardened_gates, gammafunk_ghost_grave,
          small_statue_intersection, minmay_misc_feat_nine_boxes
D:6:      layout_basic, kennysheep_little_box, basic_altar,
          corexii_item_surrounded_by_moat, kennysheep_another_room,
          grunt_ministairs_7, okawaru_altar_gauntlet_db, uniq_prince_ribbit1
Temple:   regret_index_temple_sphere_string

Skill      XL: |  1  2  3  4  5  6  7  8 |
---------------+-------------------------+-----
Ice Magic      | 4 5 6 7 |  7.2
Dodging        | 2 |  2.7
Fighting       | 1 2 4 |  4.0
Spellcasting   | 3 5 6 |  6.7
Stealth        | 2 |  2.6
Throwing       | 1 |  1.9
Short Blades   | 1 |  1.4

Action                   |  1- 3 |  4- 6 |  7- 9 || total
-------------------------+-------+-------+-------++-------
Melee: Unarmed           |     3 |       |       ||     3
       Short sword       |    26 |    42 |       ||    68
       Headbutt          |       |    11 |    39 ||    50
       Dagger            |       |    33 |   132 ||   165
Throw: Dart              |       |    30 |    22 ||    52
 Cast: Freeze            |    37 |    63 |    26 ||   126
       Frozen Ramparts   |     1 |     6 |     7 ||    14
       Ozocubu's Armour  |       |     4 |     3 ||     7
  Use: Potion            |     1 |     2 |       ||     3
 Stab: Sleeping          |     2 |     3 |     3 ||     8
       Distracted        |       |       |     2 ||     2
Armor: Robe              |     9 |    31 |    45 ||    85
Dodge: Dodged            |    30 |    66 |    84 ||   180

Table legend: (Time is in decaauts)
 A = Elapsed time spent in this place.
 B = Non-inter-level travel time spent in this place.
 C = Inter-level travel time spent in this place.
 D = Time resting spent in this place.
 E = Time spent auto-exploring this place.
 F = Levels seen in this place.
 G = Mean time per level.
                   A        B        C        D        E       F      G
               +--------+--------+--------+--------+--------+-----+--------+
         Total |   7412 |   7214 |    198 |   1449 |   4667 |   7 | 1058.9 |
       Dungeon |   7129 |   6955 |    174 |   1449 |   4443 |   6 | 1188.2 |
        Temple |    282 |    258 |     24 |      0 |    224 |   1 |  282.0 |
               +--------+--------+--------+--------+--------+-----+--------+

Top non-repeatable levels by time:
     D:1: 1938 daAuts
     D:3: 1672 daAuts
     D:2: 1509 daAuts
     D:4: 881 daAuts
     D:6: 684 daAuts
     D:5: 443 daAuts
  Temple: 282 daAuts
